 Dungeon Crawl Stone Soup version 0.30-b1-2-g02819fbbbe (webtiles) character file.

Game seed: 16784665979660479083

42056 LLlMATKO the Fighter (level 13, 0/119 (124) HPs)
             Began as a Minotaur Berserker on June 13, 2023.
             Was a High Priest of Trog.
             Slain by a profane servitor
             ... wielding a +3 whip
              (9 damage)
             ... on level 1 of the Abyss.
             The game lasted 00:17:39 (13058 turns).

LLlMATKO the Fighter (Minotaur Berserker)          Turns: 13058, Time: 00:17:40

HP:   0/119 (124)   AC: 32    Str: 25    XL:     13   Next: 83%
MP:   12/12         EV: 13    Int:  4    God:    Trog [*****.]
Gold: 948           SH: 11    Dex: 12    Spells: 12/12 levels left

rFire   . . .        s - +2 hand axe (flame)
rCold   . . .        J - +0 buckler
rNeg    . . .        E - +18 Lear's hauberk
rPois   +            (helmet currently unavailable)
rElec   .            b - +0 cloak
rCorr   .            (gloves currently unavailable)
SInv    .            (boots currently unavailable)
Will    ++...        y - amulet of reflection Stlth
                     i - +4 ring of slaying
HPRegen 1.39/turn    T - ring "Unashaso" {Fly rPois Stlth+}
MPRegen 0.13/turn

%: reflection
@: strong-willed, on berserk cooldown, flying, regenerating, slowed, wreathed by
umbra, lightly drained, very slow
A: horns 2, retaliatory headbutt
a: Renounce Religion, Berserk, Trog's Hand, Brothers in Arms


You were on level 1 of the Abyss.
You worshipped Trog.
Trog was extremely pleased with you.
You visited 2 branches of the dungeon, and saw 14 of its levels.
You visited the Abyss 1 time.
You also visited: Gauntlet and Ice Cave.

You collected 948 gold pieces.

Inventory:

Hand Weapons
 o - a +0 heavy hand axe
 s - a +2 hand axe of flaming (weapon)
Missiles
 m - 28 poisoned darts (quivered)
 D - a curare-tipped dart
 H - 4 atropa-tipped darts
 N - 2 throwing nets
 S - 6 silver javelins
Armour
 b - a +0 cloak (worn)
 c - a +0 plate armour
 x - a +0 hat
 E - the +18 Lear's hauberk (worn)
   (You found it on level 8 of the Dungeon)
 J - a +0 buckler (worn)
 V - a +1 hat of stealth
 X - a +1 hat
 Y - a +0 plate armour of cold resistance
Jewellery
 i - a +4 ring of slaying (left hand)
 u - a ring of resist corrosion
 y - an amulet of reflection (around neck)
 L - an amulet of faith
 Q - the amulet of Waadu {Acrobat rElec rC+ Dex+2}
   (You took it off a minotaur in a Gauntlet)

   [amulet of the acrobat]

   It increases your evasion while moving and waiting.
   Dex:       It affects your dexterity (+2).
   rC:        It protects you from cold.
   rElec:     It insulates you from electricity.
 T - the ring "Unashaso" (right hand) {Fly rPois Stlth+}
   (You found it in a Gauntlet)

   [ring of flight]

   rPois:     It protects you from poison.
   Fly:       It grants you flight.
   Stlth:     It makes you more stealthy.
Wands
 j - a wand of polymorph (27)
 k - a wand of charming (6)
 q - a wand of quicksilver (22)
 F - a wand of roots (20)
 U - a wand of digging (6)
Scrolls
 a - 3 scrolls of enchant weapon
 d - 7 scrolls of identify
 e - 2 scrolls of fog
 l - 2 scrolls of vulnerability {unknown}
 p - 3 scrolls of enchant armour {unknown}
 r - 4 scrolls of poison {unknown}
 t - 5 scrolls of teleportation {unknown}
 w - 3 scrolls of immolation {unknown}
 A - a scroll of silence {unknown}
 I - a scroll of torment {unknown}
 K - a scroll of summoning {unknown}
 O - a scroll of brand weapon {unknown}
 P - 2 scrolls of blinking {unknown}
 R - a scroll of magic mapping
 W - 2 scrolls of fear {unknown}
Potions
 f - 3 potions of curing
 g - 3 potions of magic {unknown}
 h - 3 potions of might {unknown}
 n - 2 potions of lignification {unknown}
 v - 5 potions of mutation {unknown}
 z - 3 potions of haste
 B - a potion of resistance {unknown}
 C - a potion of flight {unknown}
 G - 3 potions of heal wounds {unknown}
 M - 2 potions of attraction {unknown}


   Skills:
 + Level 14.1 Fighting
 + Level 14.1 Axes
 + Level 13.8 Armour
 + Level 12.7 Dodging
 + Level 10.2 Shields


You had 12 spell levels left.
You didn't know any spells.
Your spell library was empty.

Dungeon Overview and Level Annotations

Branches:
Dungeon (12/15)            Temple (0/1) D:7            Lair (2/5) D:9
    Orc (0/2) D:9           IceCv (visited)         Gauntlet (visited)
  Swamp: Lair:2-3    Shoals: Lair:2-3     Snake: Lair:2-3    Spider: Lair:2-3

Altars:
Ashenzari
Cheibriados
Elyvilon
Gozag
Hepliaklqana
Makhleb
Nemelex Xobeh
Okawaru
Qazlal
Vehumet
Wu Jian
Yredelemnul
Zin
The Shining One
Jiyva

Annotations:
D:4 3 runed translucent doors, Batma's ghost, amateur KoEn
Lair:2 Sonja


Innate Abilities, Weirdness & Mutations

You have a pair of horns on your head.
You reflexively headbutt those who attack you in melee.


Message History

The profane servitor is lightly damaged.
The profane servitor barely misses you.
You block the profane servitor's attack.
Unknown command.
You closely miss the profane servitor.
The profane servitor is lightly damaged.
Your skin stops crawling.
You feel less strong-willed.
You block the profane servitor's attack.
The profane servitor hits you with a +3 whip.
You feel drained.
Unknown command.
Your skin crawls.
You feel strong-willed.
The profane servitor hits you but does no damage.
The profane servitor completely misses you.
The profane servitor hits you but does no damage.
You block the profane servitor's attack.
A starcursed mass comes into view.
The profane servitor hits you with a +3 whip!!
* * * LOW HITPOINT WARNING * * *
The profane servitor draws strength from your injuries!
The profane servitor hits you with a +3 whip.
* * * LOW HITPOINT WARNING * * *
You feel drained.
You fail to use your ability.
The profane servitor hits you with a +3 whip!
* * * LOW HITPOINT WARNING * * *
The profane servitor draws strength from your injuries!
You block the profane servitor's attack.
A starcursed mass splits.
The profane servitor hits you with a +3 whip!
* * * LOW HITPOINT WARNING * * *
The profane servitor draws strength from your injuries!
The profane servitor closely misses you.
Unknown command.
Unknown command.
You completely miss the profane servitor.
Your headbutt misses the profane servitor.
The profane servitor hits you with a +3 whip!
You die...

... ..#. .
# ....... .
...'. .. ..
.. ...# ..
.. . ....
.# ......#.
. ..#
....#... .
.# ...
..#.....
#.. .#.##+#
# ..
#.#..@# .
#. ..#.#A##
...
...#..## .
#. .......#
.
.##X###.###
. #.. .. #
#.. ....
#.. .......
. ....


You could see a profane servitor and a starcursed mass.

Vanquished Creatures
  Jorgrun (D:12)
  Gastronok (Lair:1)
  3 tentacled starspawn (Abyss:1)
  A quicksilver ooze (Gauntlet)
  A minotaur (Gauntlet)
  Josephine (D:12)
  A spriggan zombie (Abyss:1)
  4 two-headed ogres
  A hell hog (Gauntlet)
  A sixfirhy (Abyss:1)
  A wizard (Gauntlet)
  A necromancer (IceCv)
  4 cyclopes
  3 ugly things
  Joseph (D:9)
  A black mamba (Lair:1)
  An ice statue (IceCv)
  A smoke demon (Gauntlet)
  A cane toad (Lair:2)
  A gargoyle (D:12)
  13 ice devils (IceCv)
  3 komodo dragons
  3 unseen horrors
  A rime drake (Lair:1)
  2 freezing wraiths (IceCv)
  An anaconda simulacrum (IceCv)
  2 ancient zymes (Abyss:1)
  A troll (D:9)
  A hornet (D:10)
  A slime creature (D:12)
  A dire elephant simulacrum (IceCv)
  4 shadows
  6 wraiths
  2 wyverns
  A ynoxinul (Abyss:1)
  A basilisk (D:12)
  3 large abominations
  40 yaks
  A vampire (D:11)
  4 fire bats (Gauntlet)
  2 steam dragons (D:7)
  3 vampire mosquitoes (D:12)
  5 death yak simulacra (IceCv)
  2 harpy simulacra (IceCv)
  2 wargs (D:9)
  2 acid dragons
  2 hell hounds (Gauntlet)
  2 hydra simulacra (IceCv)
  A water moccasin (Lair:1)
  8 orc warriors
  8 small abominations
  2 sky beasts (D:7)
  An ice beast (D:8)
  4 wolves (Lair:1)
  3 ogres
  2 centaurs
  10 starcursed masses (Abyss:1)
  2 phantoms
  2 kobold brigands
  A gnoll sergeant (D:11)
  7 bullfrogs
  4 scorpions
  3 cane toad simulacra (IceCv)
  4 wights (D:8)
  3 killer bees (D:8)
  2 troll zombies (D:9)
  5 elephant simulacra
  An electric eel (D:9)
  2 howler monkeys
  2 crimson imps (Gauntlet)
  3 jellies (D:12)
  4 hounds
  Crazy Yiuf (D:7)
  A gnoll bouda (D:10)
  8 orc priests
  A sleepcap (D:5)
  Terence (D:2)
  Natasha (thrice) (D:2)
  2 iguanas
  15 orc wizards
  2 polar bear simulacra (IceCv)
  A spriggan simulacrum (IceCv)
  6 wolf simulacra (IceCv)
  4 ogre zombies (D:9)
  9 gnolls
  5 adders
  2 naga simulacra (IceCv)
  A shadow imp (Gauntlet)
  5 white imps
  An ufetubus (IceCv)
  2 worms
  2 dart slugs
  43 orcs
  7 ball pythons
  7 endoplasms
  A giant cockroach (D:3)
  9 goblins
  6 hobgoblins
  4 quokkas
  A bat (D:1)
  4 frilled lizards
  2 goblin skeletons (D:9)
  A goblin zombie (D:9)
  4 hobgoblin zombies (D:9)
  12 kobolds
  12 orc zombies (D:9)
  5 rats
  2 starspawn tentacles (Abyss:1)
417 creatures vanquished.

Vanquished Creatures (collateral kills)
  A starcursed mass (Abyss:1)
1 creature vanquished.

Vanquished Creatures (others)
  An orc (D:7)
  4 demonic plants (Gauntlet)
  A fungus (Lair:1)
  2 plants
  3 starspawn tentacles (Abyss:1)
11 creatures vanquished.

Grand Total: 429 creatures vanquished

Notes
Turn   | Place    | Note
-------+----------+-------------------------------------------
     0 | D:1      | LLlMATKO the Minotaur Berserker began the quest for the
                  | Orb.
     0 | D:1      | Reached XP level 1. HP: 19/19 MP: 0/0
    25 | D:1      | Found a faded altar of an unknown god.
   297 | D:1      | Reached XP level 2. HP: 21/27 MP: 1/1
   978 | D:2      | Noticed Natasha
   987 | D:2      | Killed Natasha
   988 | D:2      | Reached XP level 3. HP: 24/33 MP: 2/2
  1042 | D:2      | Reached ** piety under Trog
  1088 | D:2      | Found an iron altar of Okawaru.
  1106 | D:2      | Noticed Natasha
  1112 | D:2      | Killed Natasha
  1113 | D:2      | Reached XP level 4. HP: 28/41 MP: 3/3
  1178 | D:2      | Noticed Terence
  1194 | D:2      | Killed Terence
  1483 | D:2      | Noticed Natasha
  1486 | D:2      | Killed Natasha
  1487 | D:2      | Reached XP level 5. HP: 47/47 MP: 4/4
  1671 | D:3      | Reached skill level 5 in Fighting
  1823 | D:3      | Reached skill level 5 in Axes
  1934 | D:3      | Reached XP level 6. HP: 49/56 MP: 5/5
  2244 | D:4      | Reached *** piety under Trog
  2710 | D:4      | Found a sparkling altar of Nemelex Xobeh.
  2712 | D:4      | Found a runed translucent gate.
  2713 | D:4      | Found a runed translucent gate.
  2714 | D:4      | Found a runed translucent gate.
  2715 | D:4      | Noticed Batma's ghost (amateur KoEn)
  2871 | D:5      | Entered Level 5 of the Dungeon
  2889 | D:5      | Reached skill level 5 in Armour
  2889 | D:5      | Reached XP level 7. HP: 56/62 MP: 6/6
  3080 | D:5      | Found an ornate altar of the Wu Jian Council.
  3105 | D:5      | Found a white marble altar of Elyvilon.
  3127 | D:5      | Reached skill level 5 in Dodging
  3340 | D:5      | Found a stormy altar of Qazlal.
  3463 | D:5      | Found a hazy altar of Hepliaklqana.
  3463 | D:5      | Found a basalt altar of Yredelemnul.
  3756 | D:6      | Found a radiant altar of Vehumet.
  3943 | D:6      | Reached XP level 8. HP: 64/71 MP: 7/7
  3986 | D:6      | Found a glowing silver altar of Zin.
  3986 | D:6      | Found an opulent altar of Gozag.
  4198 | D:6      | Found a glowing golden altar of the Shining One.
  4225 | D:6      | Found a burning altar of Makhleb.
  4236 | D:6      | Found a snail-covered altar of Cheibriados.
  4321 | D:6      | Found a broken altar of Ashenzari.
  4381 | D:7      | Reached **** piety under Trog
  4724 | D:7      | Found a runed translucent door.
  4725 | D:7      | Noticed Crazy Yiuf
  4879 | D:7      | Found a staircase to the Ecumenical Temple.
  4888 | D:7      | Reached XP level 9. HP: 53/81 MP: 8/8
  5202 | D:7      | Killed Crazy Yiuf
  5704 | D:8      | Found the +18 Lear's hauberk
  6080 | D:9      | Noticed Joseph
  6083 | D:9      | Noticed a two-headed ogre
  6093 | D:9      | Killed a two-headed ogre
  6096 | D:9      | Killed Joseph
  6165 | D:9      | Found a staircase to the Orcish Mines.
  6172 | D:9      | Reached ***** piety under Trog
  6173 | D:9      | Reached XP level 10. HP: 90/91 MP: 9/9
  6364 | D:9      | Found a staircase to the Lair.
  6624 | D:9      | Reached skill level 10 in Fighting
  6624 | D:9      | Reached skill level 10 in Axes
  6998 | D:10     | Entered Level 10 of the Dungeon
  7210 | D:10     | Reached skill level 1 in Shields
  7524 | D:10     | Reached skill level 10 in Armour
  7928 | D:11     | Reached XP level 11. HP: 89/101 MP: 10/10
  7974 | D:11     | Received a gift from Trog
  8655 | D:12     | Noticed a two-headed ogre
  8665 | D:12     | Killed a two-headed ogre
  8666 | D:12     | Reached skill level 10 in Dodging
  8669 | D:12     | Reached skill level 5 in Shields
  8803 | D:12     | Noticed Josephine
  8804 | D:12     | Found a viscous altar of Jiyva.
  8812 | D:12     | Killed Josephine
  8927 | D:12     | Noticed Jorgrun
  8945 | D:12     | Killed Jorgrun
  9077 | D:12     | Noticed a white ugly thing
  9077 | D:12     | Noticed a two-headed ogre
  9086 | D:12     | Killed a white ugly thing
  9087 | D:12     | Reached XP level 12. HP: 112/112 MP: 11/11
  9087 | D:12     | Killed a two-headed ogre
  9170 | D:12     | Noticed a two-headed ogre
  9183 | D:12     | Killed a two-headed ogre
  9564 | Lair:1   | Entered Level 1 of the Lair of Beasts
  9594 | Lair:1   | Found a gate leading to a gauntlet.
  9603 | Gauntlet | Entered a Gauntlet
  9603 | Gauntlet | Found a transporter.
  9612 | Gauntlet | Found a transporter.
  9615 | Gauntlet | Found a transporter.
  9616 | Gauntlet | Found a transporter.
  9624 | Gauntlet | Found a transporter.
  9627 | Gauntlet | Found a transporter.
  9628 | Gauntlet | Found a transporter.
  9632 | Gauntlet | Found a runed translucent door.
  9634 | Gauntlet | Found a runed translucent door.
  9636 | Gauntlet | Found a transporter.
  9639 | Gauntlet | Found a transporter.
  9640 | Gauntlet | Found a transporter.
  9648 | Gauntlet | Noticed a hell hog
  9649 | Gauntlet | Found a transporter.
  9651 | Gauntlet | Found a transporter.
  9652 | Gauntlet | Found a transporter.
  9658 | Gauntlet | Noticed a quicksilver ooze
  9660 | Gauntlet | Found a transporter.
  9912 | Gauntlet | Killed a hell hog
 10006 | Gauntlet | Killed a quicksilver ooze
 10102 | Gauntlet | Identified the amulet of Waadu {Acrobat rElec rC+ Dex+2}
 10102 | Gauntlet | Noticed a minotaur
 10110 | Gauntlet | Killed a minotaur
 10118 | Gauntlet | Identified the ring "Unashaso" {Fly rPois Stlth+}
 10400 | Lair:1   | Noticed Gastronok
 10414 | Lair:1   | Killed Gastronok
 10487 | Lair:1   | Received a gift from Trog
 10906 | Lair:1   | Reached XP level 13. HP: 106/122 MP: 12/12
 11494 | Lair:2   | Found a frozen archway.
 11506 | IceCv    | Entered an ice cave
 11805 | IceCv    | Found an ancient bone altar of Kikubaaqudgha.
 12542 | IceCv    | Found the +2 Maxwell's thermic engine {flame, freeze, rev}
 12768 | Lair:2   | Noticed Sonja
 12776 | Abyss:1  | Cast into level 1 of the Abyss (Sonja)
 12908 | Abyss:1  | Noticed a starcursed mass
 12939 | Abyss:1  | Paralysed by accursed screaming for 1 turns
 12958 | Abyss:1  | Noticed a tentacled starspawn
 12973 | Abyss:1  | Killed a tentacled starspawn
 13001 | Abyss:1  | Noticed a tentacled starspawn
 13014 | Abyss:1  | Killed a tentacled starspawn
 13014 | Abyss:1  | Noticed a starcursed mass
 13015 | Abyss:1  | Reached skill level 10 in Shields
 13022 | Abyss:1  | Noticed a tentacled starspawn
 13037 | Abyss:1  | Killed a tentacled starspawn
 13049 | Abyss:1  | Noticed a profane servitor
 13056 | Abyss:1  | Noticed a starcursed mass
 13058 | Abyss:1  | Slain by a profane servitor

Illustrated notes

Levels and vault maps discovered:
D:1:      dpeg_arrival_windows_large_door, layout_loops_corners,
          chequers_ecumenical_altar_simple, minmay_pentomino_x2
D:2:      layout_basic, basic_altar, uniq_natasha, uniq_terence
D:3:      layout_basic, uniq_jessica
D:4:      layout_rooms, kennysheep_mini_moat, biasface_ghost_orc_armoury
D:5:      layout_loops_cross, kennysheep_little_box,
          nicolae_overflow_two_pavilions, mainiacjoe_overflow_catch_the_wave
D:6:      layout_rooms, grunt_temple_overflow_gold_and_silver,
          nicolae_overflow_quartered_altars, lemuel_round_altar,
          minmay_crystal_room
D:7:      layout_rooms, minmay_temple_entry_large_hall, uniq_crazy_yiuf_cottage
D:8:      nicolae_cairo_tiling_large_dashed, layout_basic
D:9:      layout_cross, erik_lair_orcish_takeover, zombieorc1_lemuel,
          kennysheep_decorative_pillar, uniq_joseph
D:10:     layout_roguey, kennysheep_opposing_triangles
D:11:     layout_roguey
D:12:     layout_rooms, jiyva_altar_1, uniq_jorgrun, uniq_josephine
Lair:1:   layout_layer_cave, gauntlet_entry_generic, uniq_gastronok
Lair:2:   layout_hall_layers, portal_ice_cave_entry_ice_simulacra,
          ldierk_geyser, minmay_lindwurm_lava, uniq_sonja
Abyss:1:  base: D:11, minivault_11

Skill      XL: |  1  2  3  4  5  6  7  8  9 10 11 12 13 |
---------------+----------------------------------------+-----
Fighting       | 4 5 6 8 9 10 11 13 14 | 14.1
Axes           | 4 5 6 8 9 10 11 13 14 | 14.1
Armour         | 3 4 5 6 7 9 10 11 12 13 | 13.8
Dodging        | 3 4 5 6 8 9 10 11 12 | 12.7
Shields        | 3 6 8 10 | 10.2

Action                     |  1- 3 |  4- 6 |  7- 9 | 10-12 | 13-15 || total
---------------------------+-------+-------+-------+-------+-------++-------
  Melee: Hand axe          |    67 |   115 |   138 |   469 |   261 ||  1050
         Headbutt          |    12 |    21 |    31 |   121 |    83 ||   268
         Unarmed           |       |    10 |       |       |       ||    10
         Punch             |       |     2 |     2 |       |       ||     4
  Throw: Dart              |       |       |       |     4 |       ||     4
 Invoke: Berserk           |       |     3 |     5 |    12 |     5 ||    25
         Trog's Hand       |       |       |       |     2 |     3 ||     5
         Brothers in Arms  |       |       |       |       |     1 ||     1
    Use: Scroll            |       |       |       |     4 |       ||     4
 Armour: Plate armour      |    38 |    88 |    59 |       |       ||   185
         Chain mail        |       |       |     7 |   222 |    91 ||   320
  Dodge: Dodged            |    17 |    54 |    55 |   171 |   100 ||   397
  Block: Other             |       |       |    19 |    14 |       ||    33
         Buckler           |       |       |       |   158 |   106 ||   264
         Reflection        |       |       |       |     4 |     1 ||     5
